 Dungeon Crawl Stone Soup version 0.30-a0-743-gbfdf073431 (webtiles) character file.

Game seed: 10920583335349102887

8 NinjaNoafa the Grave Robber (level 2, 0/19 HPs)
             Began as a Mummy Necromancer on Feb 7, 2023.
             Slain by a kobold
             ... wielding a +0 club
              (4 damage)
             ... on level 1 of the Dungeon.
             The game lasted 00:02:58 (196 turns).

NinjaNoafa the Grave Robber (Mummy Necromancer)      Turns: 196, Time: 00:02:59

Health: 0/19       AC:  2    Str: 11    XL:     2   Next: 0%
Magic:  0/6        EV: 12    Int: 14    God:
Gold:   8          SH:  0    Dex: 12    Spells: 6/7 levels left

rFire   x . .      SeeInvis .    (no weapon)
rCold   + . .      Faith    +    (no shield)
rNeg    + + +      Spirit   .    a - +0 robe
rPois   ∞          Reflect  .    (no helmet)
rElec   .          Harm     .    (no cloak)
rCorr   .          Rampage  .    (no gloves)
Will    .....                    (no boots)
Stlth   ++                       (no amulet)
HPRegen 0.23/turn                (no ring)
MPRegen 0.10/turn                (no ring)

@: no status effects
A: cold resistance 1, negative energy resistance 3, torment resistance 2, heat
vulnerability 1, no potions, faith
a: no special abilities


You were on level 1 of the Dungeon.
You visited 1 branch of the dungeon, and saw 1 of its levels.

You collected 8 gold pieces.

Inventory:

Armour
 a - a +0 robe (worn)
Scrolls
 b - a scroll of amnesia {unknown}


   Skills:
 - Level 1.5 Dodging
 - Level 1.5 Stealth
 + Level 3.1 Spellcasting
 + Level 4.2 Necromancy


You had 6 spell levels left.
You knew the following spells:

 Your Spells              Type           Power      Damage    Failure   Level
a - Necrotise             Necr           56%        1d6       3%          1

Your spell library contained the following spells:

 Spells                   Type           Power      Damage    Failure   Level
 Vampiric Draining        Necr           14%        2d7       11%         3
 Animate Dead             Necr           14%        N/A       36%         4
 Agony                    Necr           14%        N/A       71%         5


Dungeon Overview and Level Annotations

Branches:
Dungeon (1/15)

Altars:


Innate Abilities, Weirdness & Mutations

You are immune to poison.
Your flesh is cold resistant. (rC+)
You are immune to negative energy. (rN+++)
You are immune to unholy pain and torment.
You are vulnerable to heat. (rF-)
You do not drink.
You have a special connection with the divine. (Faith)


Message History

Your jackal skeleton crumbles into dust!
The kobold closely misses you. The hobgoblin hits you.
* * * LOW HITPOINT WARNING * * *
The hobgoblin barely misses your goblin skeleton.
The hobgoblin attacks as you move away! The hobgoblin closely misses you.
Your goblin skeleton hits the kobold but does no damage.
The giant cockroach bites your goblin skeleton.
The hobgoblin hits your goblin skeleton.
You can't drink.
You closely miss the kobold.
The kobold is moderately wounded.
The giant cockroach bites your goblin skeleton.
Your goblin skeleton hits the giant cockroach but does no damage.
The kobold closely misses you.
The hobgoblin hits your goblin skeleton.
Your goblin skeleton is destroyed!
You closely miss the kobold.
The kobold is moderately wounded.
The kobold closely misses you.
Aiming: Necrotise (safe; 3% risk of failure)
Press: ? - help, Q - select action Shift-Dir - straight line, f/p - kobold
Aim: a kobold, wielding a +0 club (moderately wounded, chance to affect: 84%)
The kobold barely resists.
The kobold closely misses you. The rat attacks as you move away!
The rat bites you.
* * * LOW HITPOINT WARNING * * *
The kobold attacks as you move away! The kobold hits you with a +0 club.
* * * LOW HITPOINT WARNING * * *
The kobold attacks as you move away! The kobold closely misses you.
The kobold attacks as you move away! The kobold hits you with a +0 club.
* * * LOW HITPOINT WARNING * * *
The kobold attacks as you move away! The kobold barely misses you.
Aiming: Necrotise (safe; 3% risk of failure)
Press: ? - help, Q - select action Shift-Dir - straight line, f/p - kobold
Aim: a kobold, wielding a +0 club (chance to affect: 84%)
The kobold writhes in agony.
The kobold hits you with a +0 club.
* * * LOW HITPOINT WARNING * * *
The kobold attacks as you move away! The kobold hits you with a +0 club.
You die...

#. #.##.##.....## ##.##
##.. #.
#.##.#.#.#..####.#.###..#
#.
#.............#.###.##.##
..## #####.#.#.#..#..##
##...#
#..#####....gg.g.....##.#
##..#
#).g........###.....# .#
##.# #.B###########
#g.##.# .# #.# .g..
#Kr##.# .# #.# #.###
#@.##.. .. ..# #.
#..##.##.# ### #. #..##.
.# #. .... #. ##.## .# .#
##


You could see 2 hobgoblins, a kobold and a rat.

Vanquished Creatures
  A bat (D:1)
  A giant cockroach (D:1)
  3 jackals (D:1)
  A ball python (D:1)
  A goblin (D:1)
7 creatures vanquished.

Notes
Turn   | Place    | Note
-------+----------+-------------------------------------------
     0 | D:1      | NinjaNoafa the Mummy Necromancer began the quest for the
                  | Orb.
     0 | D:1      | Reached XP level 1. HP: 13/13 MP: 4/4
   174 | D:1      | Reached XP level 2. HP: 13/19 MP: 1/6
   196 | D:1      | Slain by a kobold

Illustrated notes

Levels and vault maps discovered:
D:1:      minmay_arrival_diagonal_passages, layout_loops_ring,
          minmay_hexomino_p4

Skill      XL: |  1 |
---------------+----+-----
Spellcasting   | 3 |  3.1
Dodging        | |  1.5
Stealth        | |  1.5
Necromancy     | |  4.2

Action                     || total
---------------------------++-------
  Melee: Unarmed           ||    20
   Cast: Necrotise         ||    16
 Armour: Robe              ||    13
  Dodge: Dodged            ||    41

Table legend: (Time is in decaauts)
 A = Elapsed time spent in this place.
 B = Non-inter-level travel time spent in this place.
 C = Inter-level travel time spent in this place.
 D = Time resting spent in this place.
 E = Time spent auto-exploring this place.
 F = Levels seen in this place.
 G = Mean time per level.
                   A        B        C        D        E       F      G
               +--------+--------+--------+--------+--------+-----+--------+
         Total |    196 |    196 |      0 |      0 |     83 |   1 |  196.0 |
       Dungeon |    196 |    196 |      0 |      0 |     83 |   1 |  196.0 |
               +--------+--------+--------+--------+--------+-----+--------+

Top non-repeatable levels by time:
     D:1: 196 daAuts
